 Dungeon Crawl Stone Soup version 0.21.0-3-g78d12a8 (webtiles) character file.

184427 wazuzu the Severer (level 17, -17/165 HPs)
             Began as a Deep Dwarf Fighter on Jan 16, 2018.
             Was the Champion of Makhleb.
             Demolished by a reaper
             ... wielding a +5 scythe of venom
             ... summoned by the power of Zot
              (41 damage)
             ... on level 1 of the Spider Nest on Jan 17, 2018.
             The game lasted 01:58:51 (25335 turns).

wazuzu the Severer (Deep Dwarf Fighter)            Turns: 25335, Time: 01:58:52

Health: -17/165    AC: 24    Str: 29      XL:     17   Next: 39%
Magic:  26/26      EV: 17    Int: 11      God:    Makhleb [******]
Gold:   2450       SH:  0    Dex:  9 (12) Spells: 16/16 levels left

rFire    . . .     SeeInvis .   h - +6 battleaxe (flame)
rCold    . . .     Gourm    .   (shield currently unavailable)
rNeg     + . .     Faith    .   P - +0 swamp dragon scales
rPois    +         Spirit   .   e - +2 hat
rElec    +         Reflect  .   d - +1 cloak
rCorr    .         Harm     .   D - +1 pair of gloves {archery}
MR       +++..                  c - +0 pair of boots
Stlth    ..........             (no amulet)
HPRegen  0.00/turn              A - +5 ring of protection
MPRegen  0.20/turn              O - ring of Ukorecw {*Contam +Blink rElec MR+ Str+4}

@: lethally poisoned (-17 -> -17), non-regenerating
A: damage resistance, heal wounds, fangs 1, negative energy resistance 1, sense
surroundings 2, no regeneration
}: 1/15 runes: decaying
a: Heal Wounds, Minor Destruction, Lesser Servant of Makhleb, Major Destruction,
Greater Servant of Makhleb, Renounce Religion, Evoke Blink


You were on level 1 of the Spider Nest.
You worshipped Makhleb.
Makhleb was exalted by your worship.
You were hungry.

You visited 6 branches of the dungeon, and saw 29 of its levels.
You also visited: Labyrinth and Bailey.

You collected 2712 gold pieces.
You spent 262 gold pieces at shops.

Inventory:

Hand Weapons
 h - a +6 battleaxe of flaming (weapon)
Armour
 c - a +0 pair of boots (worn)
 d - a +1 cloak (worn)
 e - a +2 hat (worn)
 D - a +1 pair of gloves of archery (worn)
 H - a +0 ring mail of fire resistance
 I - the +1 chain mail of the Turtledove {rElec rC+++ Regen+ Stlth-}
   (You found it in a labyrinth)

   It renders you almost immune to cold.
   It insulates you from electricity.
   It increases your rate of regeneration.
   It makes you less stealthy.
 P - +0 swamp dragon scales (worn)
Jewellery
 s - an uncursed ring of see invisible
 A - a +5 ring of protection (left hand)
 O - the ring of Ukorecw (right hand) {*Contam +Blink rElec MR+ Str+4}
   (You found it on level 4 of the Swamp)

   [ring of protection from magic]

   It affects your strength (+4).
   It insulates you from electricity.
   It affects your resistance to hostile enchantments.
   It lets you blink.
   It causes magical contamination when unequipped.
Wands
 a - a wand of iceblast (16)
 j - a wand of disintegration (22)
 r - a wand of flame (33)
 w - a wand of scattershot (2)
 x - a wand of acid (9)
 z - a wand of polymorph (29)
 E - a wand of paralysis (24)
 Q - a wand of enslavement (7)
Scrolls
 g - 15 scrolls of remove curse
 k - 2 scrolls of fog
 l - 15 scrolls of teleportation
 n - 3 scrolls of enchant weapon
 p - 12 scrolls of identify
 q - 11 scrolls of amnesia
 u - a scroll of fear
 v - 3 scrolls of magic mapping
 y - a scroll of silence
 C - 2 scrolls of enchant armour
 K - a scroll of brand weapon
 N - a scroll of blinking
Potions
 b - 5 potions of curing
 i - 3 potions of haste
 m - 4 potions of flight
 o - 3 potions of brilliance
 t - 3 potions of mutation
 B - 2 potions of invisibility
 F - a potion of cancellation
 G - a potion of magic
 J - a potion of might
 L - a potion of agility
 M - a potion of berserk rage
Comestibles
 f - 40 rations


   Skills:
 + Level 13.8 Fighting
 - Level 20.0 Axes
 + Level 13.0 Armour
 + Level 13.0 Dodging
   Level 3.2 Shields
 + Level 15.3 Invocations


You had 16 spell levels left.
You didn't know any spells.

Dungeon Overview and Level Annotations

Branches:
Dungeon (15/15)            Temple (1/1) D:7            Lair (6/6) D:11
  Swamp (4/4) Lair:3       Spider (1/4) Lair:4        Slime (0/5) Lair:6
    Orc (2/2) D:12            Elf (0/3) Orc:2        Vaults (0/5) D:13
 Depths (0/5) D:15

Altars:
Ashenzari
Cheibriados
Elyvilon
Gozag
Hepliaklqana
Kikubaaqudgha
Makhleb
Nemelex Xobeh
Qazlal
Ru
Trog
Uskayaw
Vehumet
Wu Jian
The Shining One

Shops:
D:4 (   D:14 *   Orc:1 %   Orc:2 !*[(

Annotations:
Lair:3 exclusion: 2 oklob plants
Spider:1 1 transporter
Orc:1 exclusion: oklob plant


Innate Abilities, Weirdness & Mutations

You are resistant to damage.
You can heal yourself by infusing magical energy.
You resist negative energy. (rN+)
You passively map the area around you.
You do not regenerate.
You have very sharp teeth.


Message History

The wolf spider's corpse dissolves into shadows!
The explosion engulfs the redback.
The redback dies!
The redback's corpse dissolves into shadows!
The explosion engulfs the wolf spider.
The explosion engulfs the jumping spider.
The explosion engulfs the wolf spider.
The wolf spider dies!
You slice the wolf spider!! You burn the wolf spider.
You kill the wolf spider!
Makhleb accepts your kill.
You feel better.
You barely miss the jumping spider. You slash the redback!
You burn the redback. You slash the jumping spider!
You burn the jumping spider.
The power of Zot is invoked against you!
Something turns its malign attention towards you...
The jumping spider leaps!
You hear a loud "Zot"!
The reaper hits you from afar with a scythe of venom!!!
You die...

##...#
#....######
#.©.......#
#########.#
##### #.##
######### #^.##
#2ss©§^)#
##..##
#34.s2s.# ##..#
#ss@^s.^# ##.#
*#.4##s##..#
#.#
#..^sssss...#
#.#
#^.##.#.#s##^.#
#.#
##....^§.^^..##
#.# *#.#.*.#^
^#.#* #.#####
#^ #$.s,...# ^#
#.....^ ####
#*,# .s .. # #
####### ##..##
..s ..^,


You could see 2 reapers, a soul eater, 2 demonic crawlers, an orange demon, a
hellwing, 2 orb spiders, 3 jumping spiders and 5 redbacks.

Vanquished Creatures
  Donald (Swamp:1)
  4 thorn hunters
  Aizul (Swamp:4)
  A cacodemon (Spider:1)
  An entropy weaver (Spider:1)
  Azrael (Orc:2)
  Josephine (D:13)
  A minotaur (Lab)
  Harold (D:12)
  17 hydras
  An ice dragon (Swamp:4)
  2 catoblepae
  5 centaur warriors
  Erica (Orc:1)
  7 two-headed ogres
  2 ghost crabs
  A deep troll shaman (Lair:6)
  10 alligators
  5 death yaks (Lair:6)
  2 tengu warriors
  A titan zombie (D:15)
  An ogre mage (D:15)
  Urug (D:12)
  3 orc high priests (Orc:2)
  5 skeletal warriors
  A spark wasp zombie (D:15)
  A wizard (D:15)
  A flayed ghost (D:15)
  16 swamp dragons
  2 unseen horrors (D:11)
  3 spriggan druids (Swamp:4)
  3 shambling mangroves
  A necromancer (D:15)
  7 orc knights
  A lindwurm (Lair:6)
  8 wolf spiders (Spider:1)
  A deep elf mage (D:11)
  5 orb spiders (Spider:1)
  3 orc sorcerers (Orc:2)
  14 ugly things
  A frost giant zombie (D:15)
  A moth of wrath (Spider:1)
  Maurice (D:10)
  5 cyclopes
  3 manticores
  26 elephants
  2 black mambas
  The ghost of Suckerboh the Conjurer, a novice DEFE (D:6)
  A torpor snail (Spider:1)
  9 gargoyles
  A smoke demon (D:12)
  15 spiny frogs
  3 rime drakes (Swamp:4)
  3 freezing wraiths
  7 komodo dragons
  5 demonic crawlers (Spider:1)
  6 trolls
  13 jumping spiders
  A minotaur skeleton (Lab)
  12 hornets
  2 polar bears
  14 blink frogs
  5 tyrant leeches
  4 bog bodies
  9 hippogriffs
  A raiju (shapeshifter) (D:14)
  15 slime creatures
  A blink frog (shapeshifter) (D:15)
  A meliai zombie (D:15)
  3 shadows
  4 spriggans
  5 tarantellas (Spider:1)
  17 redbacks
  16 humans (D:13)
  6 wyverns
  2 vampires (D:12)
  7 wraiths
  58 yaks
  A hog (shapeshifter) (D:13)
  Sigmund (D:2)
  2 fire elementals (Orc:2)
  7 hungry ghosts
  4 basilisks
  15 vampire mosquitoes
  3 acid dragons
  20 swamp worms
  5 wargs
  15 insubstantial wisps
  4 hell hounds (Orc:2)
  13 water moccasins
  A soldier ant (D:12)
  3 sky beasts
  29 orc warriors
  14 swamp drakes
  11 porcupines
  3 black bears
  4 ice beasts
  2 phantoms
  16 wolves
  13 ogres
  14 centaurs
  12 crocodiles
  2 big kobolds
  18 bullfrogs
  A wyvern zombie (D:11)
  14 killer bees
  A spriggan skeleton (Lab)
  A tengu skeleton (D:15)
  3 wights (D:8)
  A howler monkey (D:7)
  8 electric eels (Lair:3)
  A centaur zombie (D:10)
  6 crimson imps
  2 quasits
  A bullfrog zombie (D:11)
  7 jellies
  23 orc wizards
  2 bullfrog skeletons
  A gnoll shaman (D:5)
  17 orc priests
  5 hounds
  7 centaur skeletons
  3 iguanas
  Terence (D:2)
  9 worker ants
  Natasha (thrice) (D:4)
  5 hell rats (Lair:4)
  An ogre skeleton (Lab)
  2 hound skeletons
  3 worker ant zombies
  Robin (D:2)
  10 adders
  6 gnolls
  3 shadow imps
  An ufetubus (D:12)
  8 oozes
  2 adder skeletons
  5 worms
  3 dart slugs
  5 leopard geckos
  69 orcs
  14 bats
  3 giant cockroaches
  20 goblins
  13 hobgoblins
  11 jackals
  2 quokkas
  2 ball pythons (D:1)
  4 frilled lizards
  35 kobolds
  9 rats
  4 briar patches
  7 fungi
  4 plants
  A withered plant (D:15)
1031 creatures vanquished.

Vanquished Creatures (collateral kills)
  A hydra (Swamp:1)
  2 two-headed ogres (D:15)
  3 orb spiders (Spider:1)
  2 spiny frogs
  An ogre (D:15)
9 creatures vanquished.

Vanquished Creatures (others)
  A wolf spider (Spider:1)
  A jumping spider (Spider:1)
  3 briar patches
  15 fungi
  9 plants
  5 withered plants (D:15)
34 creatures vanquished.

Grand Total: 1074 creatures vanquished

Notes
Turn   | Place    | Note
-------+----------+-------------------------------------------
     0 | D:1      | wazuzu the Deep Dwarf Fighter began the quest for the Orb.
     0 | D:1      | Reached XP level 1. HP: 20/20 MP: 1/1
   141 | D:1      | Reached skill level 3 in Axes
   162 | D:1      | Reached XP level 2. HP: 25/27 MP: 2/2
   407 | D:1      | Reached XP level 3. HP: 26/33 MP: 3/3
   521 | D:1      | Reached skill level 4 in Axes
  1042 | D:2      | Noticed Robin
  1060 | D:2      | Killed Robin
  1064 | D:2      | Reached XP level 4. HP: 23/40 MP: 4/4
  1079 | D:2      | Reached skill level 5 in Axes
  1217 | D:2      | Noticed Terence
  1227 | D:2      | Killed Terence
  1238 | D:2      | Noticed Sigmund
  1254 | D:2      | Killed Sigmund
  1254 | D:2      | Reached skill level 6 in Axes
  1254 | D:2      | Reached XP level 5. HP: 22/46 MP: 5/5
  1514 | D:2      | Reached skill level 7 in Axes
  1534 | D:2      | Reached XP level 6. HP: 26/55 MP: 6/6
  2206 | D:3      | Found an opulent altar of Gozag.
  2680 | D:4      | Noticed Natasha
  2681 | D:4      | Found Zikutit's Weapon Boutique.
  2682 | D:4      | Killed Natasha
  2767 | D:4      | Reached skill level 8 in Axes
  2794 | D:4      | Noticed Natasha
  2801 | D:4      | Killed Natasha
  2801 | D:4      | Reached XP level 7. HP: 53/61 MP: 6/6
  2818 | D:4      | Gained mutation: Your flesh is cold resistant. (rC+) [potion of mutation]
  2818 | D:4      | Gained mutation: You have very sharp teeth. [potion of mutation]
  2874 | D:4      | Reached skill level 9 in Axes
  2966 | D:4      | Found a sacrificial altar of Ru.
  3008 | D:4      | Noticed Natasha
  3014 | D:4      | Killed Natasha
  3044 | D:4      | Found a bloodstained altar of Trog.
  3422 | D:5      | Entered Level 5 of the Dungeon
  3536 | D:5      | Found a glowing golden altar of the Shining One.
  3537 | D:5      | Found a radiant altar of Vehumet.
  3629 | D:5      | Reached skill level 10 in Axes
  3752 | D:5      | Reached XP level 8. HP: 54/68 MP: 7/7
  3901 | D:5      | Got a polished whip
  3902 | D:5      | Identified the +7 whip of Egomania {slash, *Slow +Fly rF+ SInv} (You found it on level 5 of the Dungeon)
  4404 | D:5      | Reached skill level 11 in Axes
  4642 | D:6      | Noticed Suckerboh's ghost (novice DEFE)
  4666 | D:6      | Killed Suckerboh's ghost
  4666 | D:6      | Reached skill level 12 in Axes
  5060 | D:6      | Gained mutation: You passively map the area around you. [Deep Dwarf growth]
  5060 | D:6      | Reached XP level 9. HP: 65/74 MP: 8/8
  5553 | D:7      | Found a hide-covered altar of Uskayaw.
  5574 | D:7      | Found a staircase to the Ecumenical Temple.
  5585 | Temple   | Entered the Ecumenical Temple
  5609 | Temple   | Became a worshipper of Makhleb the Destroyer
  5661 | D:7      | Reached skill level 13 in Axes
  5858 | D:7      | Found an ancient bone altar of Kikubaaqudgha.
  6323 | D:8      | Reached skill level 14 in Axes
  6389 | D:8      | Reached * piety under Makhleb
  6389 | D:8      | Reached skill level 1 in Invocations
  6493 | D:8      | Reached skill level 1 in Dodging
  7119 | D:9      | Reached XP level 10. HP: 79/84 MP: 11/11
  7360 | D:9      | Got an ichor-stained ring mail
  7361 | D:9      | Identified the +4 ring mail of Protective Custody {Str+5} (You found it on level 9 of the Dungeon)
  7451 | D:10     | Entered Level 10 of the Dungeon
  7495 | D:10     | Noticed a two-headed ogre
  7514 | D:10     | Killed a two-headed ogre
  7514 | D:10     | Reached skill level 5 in Armour
  7561 | D:10     | Noticed Maurice
  7569 | D:9      | Reached ** piety under Makhleb
  7569 | D:9      | Reached skill level 5 in Invocations
  7579 | D:10     | Killed Maurice
  8082 | D:11     | Reached skill level 5 in Fighting
  8084 | D:11     | Reached skill level 5 in Dodging
  8096 | D:11     | Noticed an unseen horror
  8103 | D:11     | Killed an unseen horror
  8103 | D:11     | Reached XP level 11. HP: 72/94 MP: 14/14
  8135 | D:11     | HP: 4/94 [hippogriff (4)]
  8176 | D:11     | Noticed an unseen horror
  8188 | D:11     | Killed an unseen horror
  8188 | D:11     | Reached *** piety under Makhleb
  8210 | D:11     | Found a staircase to the Lair.
  8785 | D:11     | Noticed a centaur warrior
  8792 | D:11     | Killed a centaur warrior
  9114 | D:11     | Noticed a red ugly thing
  9125 | D:11     | Killed a red ugly thing
  9125 | D:11     | Reached skill level 15 in Axes
  9158 | D:11     | Noticed a tengu warrior
  9158 | D:11     | Noticed a deep elf mage
  9240 | D:11     | Killed a tengu warrior
  9273 | D:11     | Killed a deep elf mage
  9499 | Lair:1   | Entered Level 1 of the Lair of Beasts
  9658 | Lair:1   | Noticed a six-headed hydra
  9669 | Lair:1   | Killed a nine-headed hydra
  9669 | Lair:1   | Reached XP level 12. HP: 106/106 MP: 16/16
  9909 | Lair:1   | Reached **** piety under Makhleb
 11301 | Lair:3   | Noticed a five-headed hydra
 11308 | Lair:3   | Killed an eight-headed hydra
 11429 | Lair:3   | Found a labyrinth entrance.
 11452 | Lab      | Entered a labyrinth
 11537 | Lab      | Reached skill level 10 in Invocations
 11828 | Lab      | Found an exit through the horrors of the Abyss.
 12577 | Lab      | Noticed a minotaur
 12591 | Lab      | Killed a minotaur
 12616 | Lab      | Got a smoking hand axe
 12616 | Lab      | Got a shimmering chain mail
 12616 | Lab      | Got a translucent chain mail
 12652 | Lair:3   | Identified the +2 hand axe "Zisobica" {flame, +Fly rF- Dex+3} (You found it in a labyrinth)
 12653 | Lair:3   | Identified the cursed +1 chain mail of the Turtledove {rElec rC+++ Regen+ Stlth-} (You found it in a labyrinth)
 12654 | Lair:3   | Identified the +1 chain mail of the Harp {Str+6} (You found it in a labyrinth)
 12963 | Lair:3   | Reached XP level 13. HP: 117/117 MP: 12/18
 13185 | Lair:3   | Reached ***** piety under Makhleb
 13467 | Lair:3   | Found a staircase to the Swamp.
 13724 | Lair:4   | Reached skill level 16 in Axes
 13839 | Lair:4   | Reached skill level 10 in Armour
 13840 | Lair:4   | Found a hole to the Spider Nest.
 14696 | Lair:5   | Reached skill level 10 in Dodging
 15345 | Lair:6   | Entered Level 6 of the Lair of Beasts
 15462 | Lair:6   | Found a staircase to the Slime Pits.
 15527 | Lair:6   | Reached ****** piety under Makhleb
 15528 | Lair:6   | Gained mutation: You resist negative energy. (rN+) [Deep Dwarf growth]
 15528 | Lair:6   | Reached XP level 14. HP: 130/130 MP: 21/21
 15535 | Lair:6   | Reached skill level 17 in Axes
 15569 | Lair:6   | Reached skill level 10 in Fighting
 16567 | D:12     | Found Unoridgh's Distillery.
 16604 | D:12     | Noticed Urug
 16618 | D:12     | Killed Urug
 16748 | D:12     | Noticed Harold
 16767 | D:12     | Killed Harold
 16767 | D:12     | Reached skill level 18 in Axes
 16918 | D:12     | Found a white marble altar of Elyvilon.
 16984 | D:12     | Found a flagged portal.
 16998 | Bailey   | Entered a bailey
 17522 | D:12     | Found a staircase to the Orcish Mines.
 17532 | Orc:1    | Entered Level 1 of the Orcish Mines
 17703 | Orc:1    | Found Miuhu's Food Shoppe.
 17758 | Orc:1    | Noticed Erica
 17764 | Orc:1    | Killed Erica
 18097 | Orc:2    | Entered Level 2 of the Orcish Mines
 18139 | Orc:2    | Found a staircase to the Elven Halls.
 18423 | Orc:2    | Noticed Azrael
 18442 | Orc:2    | Killed Azrael
 18687 | Orc:2    | Reached XP level 15. HP: 124/144 MP: 22/22
 18730 | Orc:2    | Found Itaugo Xag's Antique Armour Boutique.
 18730 | Orc:2    | Found Cyity's Weapon Emporium.
 18736 | Orc:2    | Found Ikiymn's Distillery.
 18736 | Orc:2    | Found Etwuimp's General Store.
 18752 | Orc:2    | Bought a pair of glowing gloves for 262 gold pieces
 18877 | D:13     | Found a gate to the Vaults.
 18896 | D:13     | Reached skill level 19 in Axes
 19058 | D:13     | Noticed Josephine
 19073 | D:13     | Killed Josephine
 19183 | D:13     | Found a sparkling altar of Nemelex Xobeh.
 19859 | D:14     | You fall through a shaft!
 19859 | D:15     | Entered Level 15 of the Dungeon
 19859 | D:15     | Found a staircase to the Depths.
 19878 | D:15     | Reached skill level 20 in Axes
 20095 | D:14     | HP: 5/144 [cyclops/large rock (32)]
 20433 | D:14     | Found Xoac's General Store.
 20788 | D:15     | Got a steaming chain mail
 20789 | D:15     | Identified the +1 chain mail of Ygoiqior {-Tele rPois rC+++ rCorr Str-3} (You found it on level 15 of the Dungeon)
 21020 | D:15     | Identified a scroll of acquirement
 21413 | Swamp:1  | Entered Level 1 of the Swamp
 21413 | Swamp:1  | Noticed Donald
 21428 | Swamp:1  | Killed Donald
 21428 | Swamp:1  | Reached XP level 16. HP: 94/154 MP: 23/23
 22437 | Swamp:2  | Noticed a thorn hunter
 22458 | Swamp:2  | Killed a thorn hunter
 22941 | Swamp:3  | Noticed a thorn hunter
 22977 | Swamp:3  | Killed a thorn hunter
 23043 | Swamp:3  | Noticed a thorn hunter
 23057 | Swamp:3  | Killed a thorn hunter
 23422 | Swamp:3  | Noticed a thorn hunter
 23433 | Swamp:3  | Killed a thorn hunter
 23478 | Swamp:4  | Entered Level 4 of the Swamp
 23805 | Swamp:4  | Got a warped silver ring
 23806 | Swamp:4  | Identified the ring of Ukorecw {*Contam +Blink rElec MR+ Str+4} (You found it on level 4 of the Swamp)
 24096 | Swamp:4  | Reached XP level 17. HP: 164/164 MP: 26/26
 24171 | Swamp:4  | Got a decaying rune of Zot
 24189 | Swamp:4  | Noticed Aizul
 24201 | Swamp:4  | Killed Aizul
 24534 | Swamp:2  | Reached skill level 15 in Invocations
 24641 | Spider:1 | Entered Level 1 of the Spider Nest
 24757 | Spider:1 | Got a fine platinum amulet
 24758 | Spider:1 | Identified the amulet of Lakh {Spirit rC++ Dex-5} (You found it on level 1 of the Spider Nest)
 25119 | Spider:1 | Got a wavering lead ring
 25120 | Spider:1 | Identified the ring of Civuunics {+Fly Str+2} (You found it on level 1 of the Spider Nest)
 25171 | Spider:1 | Found a transporter.
 25286 | Spider:1 | Found a transporter.
 25324 | Spider:1 | Lost mutation: Your flesh is cold resistant. (rC+) [the power of Zot]
 25335 | Spider:1 | Demolished by a reaper

Skill      XL: |  1  2  3  4  5  6  7  8  9 10 11 12 13 14 15 16 17 |
---------------+----------------------------------------------------+-----
Axes           | 3 4 6 7 8 10 12 14 15 16 18 20 | 20.0
Invocations    | 3 6 8 10 12 14 15 | 15.3
Fighting       | 3 5 6 8 9 12 13 | 13.8
Dodging        | 2 5 7 8 10 12 13 | 13.0
Armour         | 4 6 8 9 10 12 13 | 13.0
Shields        | |  3.2

Action                   |  1- 3 |  4- 6 |  7- 9 | 10-12 | 13-15 | 16-18 || total
-------------------------+-------+-------+-------+-------+-------+-------++-------
Melee: War axe           |   142 |   150 |   140 |       |       |       ||   432
       Bite              |       |       |    62 |    69 |   167 |    86 ||   384
       Hand axe          |       |       |   387 |       |       |       ||   387
       Battleaxe         |       |       |    15 |   548 |  1282 |   602 ||  2447
Invok: Minor Destruction |       |       |       |     3 |    11 |     2 ||    16
       Lesser Servant of |       |       |       |     3 |     4 |     4 ||    11
       Greater Servant o |       |       |       |       |       |     1 ||     1
 Abil: Heal Wounds       |     1 |     3 |     7 |     6 |       |       ||    17
Evoke: Wand              |       |       |     2 |    35 |    35 |     8 ||    80
  Use: Potion            |       |     4 |     9 |     5 |     2 |     5 ||    25
       Scroll            |       |     5 |    10 |    12 |    11 |     5 ||    43
 Stab: Distracted        |       |       |       |     1 |     1 |     4 ||     6
       Petrified         |       |       |       |       |     5 |       ||     5
       Confused          |       |       |       |       |       |     2 ||     2
  Eat: Chunk             |     1 |     6 |     4 |    18 |    28 |    10 ||    67
       Ration            |       |       |     4 |     3 |       |     1 ||     8
Armor: Scale mail        |    79 |    69 |   189 |    11 |       |       ||   348
       Skin              |       |       |     7 |       |       |       ||     7
       Ring mail         |       |       |       |   211 |       |       ||   211
       Chain mail        |       |       |       |     9 |   785 |   208 ||  1002
       Swamp dragon scal |       |       |       |       |       |   255 ||   255
Dodge: Dodged            |    85 |    70 |   195 |   359 |   880 |   510 ||  2099
